| TOP OF THE 1ST |
|
Eugene Emeralds batting - Pitching for Brooklyn Cyclones : RHP John Mason
|
|
Pitching: RHP John Mason
|
|
|
Batting: RHB Garrett Granata
|
0-0: Ball 1-0: Ball 2-0: Ground out 4-3 (Groundball, 34, EV 83.8 MPH)
|
|
Batting: RHB Chris Slama
|
0-0: Ball 1-0: SINGLE (Flyball, 89S, EV 85.6 MPH)
|
|
Batting: RHB Francisco Ramirez
|
0-0: Ball 1-0: Hit by Pitch Chris Slama to second
|
|
Batting: RHB Frank McArdle
|
0-0: Ball 1-0: Ball 2-0: Ball 3-0: Base on Balls Chris Slama to third Francisco Ramirez to second
|
|
Batting: LHB Kwang-chih Men
|
0-0: Fielders Choice at 2nd, 4-6 (Groundball, 4, EV 92.5 MPH) Chris Slama scores Francisco Ramirez to third
|
|
Batting: LHB Mark Huey
|
0-0: Ball 1-0: Called Strike 1-1: Foul Ball, location: 2F 1-2: Foul Ball, location: 2F 1-2: Ball 2-2: Ball 3-2: Foul Ball, location: 2F 3-2: Base on Balls Kwang-chih Men to second
|
|
Batting: RHB Brian Gargis
|
0-0: Swinging Strike 0-1: Called Strike 0-2: Strikes out swinging
|
| Top of the 1st over - 1 run, 1 hit, 0 errors, 3 left on base; Eugene 1 - Brooklyn 0 |
| BOTTOM OF THE 1ST |
|
Brooklyn Cyclones batting - Pitching for Eugene Emeralds : LHP Matthew Spurrell
|
|
Pitching: LHP Matthew Spurrell
|
|
|
Batting: RHB Tony Oria
|
0-0: Ball 1-0: Swinging Strike 1-1: Ball 2-1: Ball 3-1: Base on Balls
|
|
Batting: RHB Allen Wozniak
|
0-0: Foul Ball, location: 2F 0-1: SINGLE (Groundball, 34D, EV 95.0 MPH) Tony Oria to second Runner from 2nd tries for 3rd, SAFE, throw by RF made to third Allen Wozniak to second
|
|
Batting: RHB Corban Stavrakis
|
0-0: Ball Wild Pitch! Tony Oria scores Allen Wozniak to third 1-0: Called Strike 1-1: Foul Ball, location: 2F 1-2: Foul Ball, location: 2F 1-2: Ball 2-2: Foul Ball, location: 2F 2-2: DOUBLE (Line Drive, 78D, EV 101.2 MPH) Allen Wozniak scores
|
|
Batting: LHB Victor Ferrermena
|
0-0: SINGLE (Groundball, 34D, EV 101.2 MPH) Corban Stavrakis to third Runner from 3rd tries for Home, throw by RF and OUT! 9-2 Victor Ferrermena to second
|
|
Batting: LHB Adam Barry
|
0-0: Ball 1-0: Swinging Strike 1-1: Foul Ball, location: 2F 1-2: Strikes out swinging
|
|
Batting: RHB Leo Roman
|
0-0: Ball 1-0: Called Strike 1-1: Foul Ball, location: 2F 1-2: Strikes out swinging
|
| Bottom of the 1st over - 2 runs, 3 hits, 0 errors, 1 left on base; Eugene 1 - Brooklyn 2 |
| TOP OF THE 2ND |
|
Eugene Emeralds batting - Pitching for Brooklyn Cyclones : RHP John Mason
|
|
Batting: SHB Bob Hamilton
|
0-0: Ball 1-0: Fly out, F7 (Flyball, 7S, EV 83.1 MPH)
|
|
Batting: RHB Eddy Marcos
|
0-0: Ground out 6-3 (Groundball, 56, EV 110.6 MPH)
|
|
Batting: RHB Garrett Granata
|
0-0: Foul Ball, location: 2F 0-1: Called Strike 0-2: Ball 1-2: Foul Ball, location: 2F 1-2: Ball 2-2: Ground out 4-3 (Groundball, 34, EV 95.6 MPH)
|
| Top of the 2nd over - 0 runs, 0 hits, 0 errors, 0 left on base; Eugene 1 - Brooklyn 2 |
| BOTTOM OF THE 2ND |
|
Brooklyn Cyclones batting - Pitching for Eugene Emeralds : LHP Matthew Spurrell
|
|
Batting: RHB Oscar Chairez
|
0-0: Called Strike 0-1: Called Strike 0-2: Strikes out swinging
|
|
Batting: RHB Edolf Vlemmings
|
0-0: Ball 1-0: Ground out 4-3 (Groundball, 4, EV 81.2 MPH)
|
|
Batting: LHB Manny Caldera
|
0-0: Called Strike 0-1: Called Strike 0-2: Foul Ball, location: 2F 0-2: Foul Ball, location: 2F 0-2: Foul Ball, location: 2F 0-2: Ball 1-2: Strikes out swinging
|
| Bottom of the 2nd over - 0 runs, 0 hits, 0 errors, 0 left on base; Eugene 1 - Brooklyn 2 |
| TOP OF THE 3RD |
|
Eugene Emeralds batting - Pitching for Brooklyn Cyclones : RHP John Mason
|
|
Batting: RHB Chris Slama
|
0-0: Ball 1-0: Ball 2-0: Foul Ball, location: 2F 2-1: SINGLE (Flyball, 8RS, EV 93.1 MPH)
|
|
Batting: RHB Francisco Ramirez
|
0-0: Ball 1-0: Foul Ball, location: 2F 1-1: Ball 2-1: Ball 3-1: Fly out, F9 (Flyball, 9LS, EV 87.5 MPH)
|
|
Batting: RHB Frank McArdle
|
0-0: Ball 1-0: Ball 2-0: Foul Ball, location: 2F 2-1: Ball 3-1: Called Strike 3-2: SINGLE (Line Drive, 7LS, EV 110.6 MPH) Chris Slama to second
|
|
Batting: LHB Kwang-chih Men
|
0-0: Grounds into double play, 1-6-3 (Groundball, P, EV 71.9 MPH)
|
| Top of the 3rd over - 0 runs, 2 hits, 0 errors, 1 left on base; Eugene 1 - Brooklyn 2 |
| BOTTOM OF THE 3RD |
|
Brooklyn Cyclones batting - Pitching for Eugene Emeralds : LHP Matthew Spurrell
|
|
Batting: RHB Tony Oria
|
0-0: Ground out 6-3 (Groundball, 6M, EV 93.1 MPH)
|
|
Batting: RHB Allen Wozniak
|
0-0: Ball 1-0: Ball 2-0: Foul Ball, location: 2F 2-1: Foul Ball, location: 2F 2-2: Foul Ball, location: 2F 2-2: Ball 3-2: Strikes out looking
|
|
Batting: RHB Corban Stavrakis
|
0-0: Foul Ball, location: 2F 0-1: Foul Ball, location: 2F 0-2: Reached on error, E6 (Groundball, 6, EV 78.8 MPH)
|
|
Batting: LHB Victor Ferrermena
|
0-0: Called Strike 0-1: Swinging Strike 0-2: Ball 1-2: Ball 2-2: Ball 3-2: Strikes out looking
|
| Bottom of the 3rd over - 0 runs, 0 hits, 1 error, 1 left on base; Eugene 1 - Brooklyn 2 |
| TOP OF THE 4TH |
|
Eugene Emeralds batting - Pitching for Brooklyn Cyclones : RHP John Mason
|
|
Batting: LHB Mark Huey
|
0-0: Ball 1-0: Foul Ball, location: 2F 1-1: Foul Ball, location: 2F 1-2: Ball 2-2: Strikes out swinging
|
|
Batting: RHB Brian Gargis
|
0-0: Called Strike SINGLE, rundown, out at 1st!
|
|
Batting: SHB Bob Hamilton
|
0-0: Ball 1-0: Ball 2-0: Swinging Strike 2-1: Ball 3-1: Base on Balls
|
|
Batting: RHB Eddy Marcos
|
0-0: Ball Bob Hamilton steals 2nd base 1-0: Called Strike 1-1: Ball 2-1: Ball 3-1: Ground out 4-3 (Groundball, 4M, EV 92.5 MPH)
|
| Top of the 4th over - 0 runs, 1 hit, 0 errors, 1 left on base; Eugene 1 - Brooklyn 2 |
| BOTTOM OF THE 4TH |
|
Brooklyn Cyclones batting - Pitching for Eugene Emeralds : LHP Matthew Spurrell
|
|
Batting: LHB Adam Barry
|
0-0: Fly out, F8 (Line Drive, 8LD, EV 88.8 MPH)
|
|
Batting: RHB Leo Roman
|
0-0: Ball 1-0: DOUBLE (Groundball, 5L, EV 100.6 MPH)
|
|
Batting: RHB Oscar Chairez
|
0-0: Foul Ball, location: 2F 0-1: Ball 1-1: Swinging Strike 1-2: Fly out, F8 (Flyball, 8LM, EV 81.2 MPH)
|
|
Batting: RHB Edolf Vlemmings
|
0-0: Ground out 5-3 (Groundball, 56, EV 83.8 MPH)
|
| Bottom of the 4th over - 0 runs, 1 hit, 0 errors, 1 left on base; Eugene 1 - Brooklyn 2 |
| TOP OF THE 5TH |
|
Eugene Emeralds batting - Pitching for Brooklyn Cyclones : RHP John Mason
|
|
Batting: RHB Garrett Granata
|
0-0: Foul Ball, location: 2F 0-1: Bunt missed! 0-2: Ground out 5-3 (Groundball, 56, EV 88.8 MPH)
|
|
Batting: RHB Chris Slama
|
0-0: Ground out 4-3 (Groundball, 4, EV 79.4 MPH)
|
|
Batting: RHB Francisco Ramirez
|
0-0: Foul Ball, location: 2F 0-1: Ball 1-1: Ball 2-1: Ball 3-1: Foul Ball, location: 2F 3-2: SINGLE (Flyball, 5D, EV 93.1 MPH)
|
|
Batting: RHB Frank McArdle
|
0-0: SINGLE (Groundball, 6MD, EV 103.8 MPH) Francisco Ramirez to second
|
|
Batting: LHB Kwang-chih Men
|
0-0: Ball 1-0: Called Strike 1-1: Ball 2-1: Swinging Strike 2-2: Strikes out swinging
|
| Top of the 5th over - 0 runs, 2 hits, 0 errors, 2 left on base; Eugene 1 - Brooklyn 2 |
| BOTTOM OF THE 5TH |
|
Brooklyn Cyclones batting - Pitching for Eugene Emeralds : LHP Matthew Spurrell
|
|
Batting: LHB Manny Caldera
|
0-0: Called Strike 0-1: Ball 1-1: Ball 2-1: Ground out 6-3 (Groundball, 6, EV 101.2 MPH)
|
|
Batting: RHB Tony Oria
|
0-0: Called Strike 0-1: Called Strike 0-2: Ball 1-2: Ball 2-2: Ball 3-2: Strikes out swinging
|
|
Batting: RHB Allen Wozniak
|
0-0: Fly out, F6 (Popup, 4M, EV 70.6 MPH)
|
| Bottom of the 5th over - 0 runs, 0 hits, 0 errors, 0 left on base; Eugene 1 - Brooklyn 2 |
| TOP OF THE 6TH |
|
Eugene Emeralds batting - Pitching for Brooklyn Cyclones : RHP John Mason
|
|
Pitching: RHP Gabe Kelso
|
|
|
Batting: LHB Mark Huey
|
0-0: Called Strike 0-1: Foul Ball, location: 2F 0-2: Ball 1-2: Fly out, F8 (Line Drive, 8RM, EV 88.1 MPH)
|
|
Batting: RHB Brian Gargis
|
0-0: Ball 1-0: Ball 2-0: Called Strike 2-1: Ball 3-1: Called Strike 3-2: Strikes out swinging
|
|
Batting: SHB Bob Hamilton
|
0-0: Foul Ball, location: 2F 0-1: Ball 1-1: Swinging Strike 1-2: Foul Ball, location: 2F 1-2: Strikes out swinging
|
| Top of the 6th over - 0 runs, 0 hits, 0 errors, 0 left on base; Eugene 1 - Brooklyn 2 |
| BOTTOM OF THE 6TH |
|
Brooklyn Cyclones batting - Pitching for Eugene Emeralds : LHP Matthew Spurrell
|
|
Batting: RHB Corban Stavrakis
|
0-0: Ball 1-0: Ball 2-0: Ball 3-0: Called Strike 3-1: Base on Balls
|
|
Pitching: LHP Jesse Fields
|
|
|
Batting: LHB Victor Ferrermena
|
0-0: Called Strike 0-1: Called Strike 0-2: Ball 1-2: Ball 2-2: Foul Ball, location: 2F 2-2: Strikes out swinging
|
|
Batting: LHB Adam Barry
|
0-0: Ball 1-0: Foul Ball, location: 2F 1-1: Foul Ball, location: 2F 1-2: Fly out, F8 (Flyball, 8RD, EV 101.9 MPH)
|
|
Batting: RHB Leo Roman
|
0-0: Called Strike 0-1: Ball 1-1: Called Strike 1-2: Strikes out swinging
|
| Bottom of the 6th over - 0 runs, 0 hits, 0 errors, 1 left on base; Eugene 1 - Brooklyn 2 |
| TOP OF THE 7TH |
|
Eugene Emeralds batting - Pitching for Brooklyn Cyclones : RHP Gabe Kelso
|
|
Batting: RHB Eddy Marcos
|
0-0: Ball 1-0: Ball 2-0: Ball 3-0: Called Strike 3-1: SINGLE (Groundball, 6M, EV 86.2 MPH) (infield hit)
|
|
Batting: RHB Garrett Granata
|
0-0: Bunted foul 0-1: Bunted foul 0-2: Grounds into double play, 6-4-3 (Groundball, 6, EV 83.8 MPH)
|
|
Batting: RHB Chris Slama
|
0-0: Ball 1-0: Called Strike 1-1: Ball 2-1: Ball 3-1: Base on Balls
|
|
Batting: RHB Francisco Ramirez
|
0-0: Ball 1-0: Called Strike 1-1: Called Strike 1-2: Strikes out swinging
|
| Top of the 7th over - 0 runs, 1 hit, 0 errors, 1 left on base; Eugene 1 - Brooklyn 2 |
| BOTTOM OF THE 7TH |
|
Brooklyn Cyclones batting - Pitching for Eugene Emeralds : LHP Jesse Fields
|
|
Batting: RHB Oscar Chairez
|
0-0: Ball 1-0: DOUBLE (Line Drive, 9LM, EV 105.6 MPH)
|
|
Batting: RHB Edolf Vlemmings
|
0-0: Intentional Walk
|
|
Batting: LHB Manny Caldera
|
0-0: Ball 1-0: Ball 2-0: Ball 3-0: Base on Balls Oscar Chairez to third Edolf Vlemmings to second
|
|
Batting: RHB Tony Oria
|
0-0: Called Strike 0-1: Ball 1-1: Called Strike 1-2: Ball 2-2: DOUBLE (Groundball, 5D, EV 100.0 MPH) Oscar Chairez scores Edolf Vlemmings scores Manny Caldera to third
|
|
Batting: RHB Allen Wozniak
|
0-0: Ball 1-0: Ground out 5-3 (Groundball, 5, EV 81.9 MPH)
|
|
Batting: RHB Corban Stavrakis
|
0-0: Intentional Walk
|
|
Batting: LHB Victor Ferrermena
|
0-0: SINGLE (Groundball, 34D, EV 100.6 MPH) Manny Caldera scores Tony Oria to third Corban Stavrakis to second
|
|
Pitching: RHP Harry Poindexter
|
|
|
Batting: LHB Adam Barry
|
0-0: Ball 1-0: Ball 2-0: Swinging Strike 2-1: Swinging Strike 2-2: Strikes out swinging
|
|
Batting: RHB Leo Roman
|
0-0: Ball 1-0: Ball 2-0: SINGLE (Line Drive, 34, EV 96.9 MPH) Tony Oria scores Corban Stavrakis to third Victor Ferrermena to second Runner from 3rd tries for Home, throw by RF and OUT! 9-2
|
| Bottom of the 7th over - 4 runs, 4 hits, 0 errors, 2 left on base; Eugene 1 - Brooklyn 6 |
| TOP OF THE 8TH |
|
Eugene Emeralds batting - Pitching for Brooklyn Cyclones : RHP Gabe Kelso
|
|
Batting: RHB Frank McArdle
|
0-0: Ball 1-0: Ball 2-0: Foul Ball, location: 2F 2-1: Swinging Strike 2-2: Foul Ball, location: 2F 2-2: Strikes out looking
|
|
Batting: LHB Kwang-chih Men
|
0-0: Ball 1-0: Ball 2-0: Foul Ball, location: 2F 2-1: Ball 3-1: Foul Ball, location: 2F 3-2: Strikes out swinging
|
|
Batting: LHB Mark Huey
|
0-0: Swinging Strike 0-1: Swinging Strike 0-2: Foul Ball, location: 2F 0-2: Ball 1-2: Fly out, F5 (Popup, 56S, EV 80.0 MPH)
|
| Top of the 8th over - 0 runs, 0 hits, 0 errors, 0 left on base; Eugene 1 - Brooklyn 6 |
| BOTTOM OF THE 8TH |
|
Brooklyn Cyclones batting - Pitching for Eugene Emeralds : RHP Harry Poindexter
|
|
Batting: RHB Oscar Chairez
|
0-0: Swinging Strike 0-1: Ball 1-1: Foul Ball, location: 2F 1-2: Foul Ball, location: 2F 1-2: Foul Ball, location: 2F 1-2: Strikes out swinging
|
|
Batting: RHB Edolf Vlemmings
|
0-0: Ball 1-0: Foul Ball, location: 2F 1-1: Ground out 3-1 (Groundball, 34, EV 85.6 MPH)
|
|
Batting: LHB Manny Caldera
|
0-0: Called Strike 0-1: Ball 1-1: Ball 2-1: Called Strike 2-2: Foul Ball, location: 2F 2-2: Ball 3-2: Base on Balls
|
|
Batting: RHB Tony Oria
|
0-0: Called Strike 0-1: Ball 1-1: Foul Ball, location: 2F 1-2: Foul Ball, location: 2F 1-2: Ground out 1-3 (Groundball, 15S, EV 73.1 MPH)
|
| Bottom of the 8th over - 0 runs, 0 hits, 0 errors, 1 left on base; Eugene 1 - Brooklyn 6 |
| TOP OF THE 9TH |
|
Eugene Emeralds batting - Pitching for Brooklyn Cyclones : RHP Gabe Kelso
|
|
Pitching: RHP Alastair Henry
|
|
|
Batting: RHB Brian Gargis
|
0-0: Foul Ball, location: 2F 0-1: Reached on error, E4 (Groundball, 34, EV 109.4 MPH)
|
|
Batting: SHB Bob Hamilton
|
0-0: Called Strike 0-1: Ball Wild Pitch! Brian Gargis to second 1-1: Ball 2-1: Ball 3-1: Base on Balls
|
|
Pinch Hitting: LHB Trevor Spaulding
|
0-0: Called Strike 0-1: Ball 1-1: Foul Ball, location: 2F 1-2: Ball 2-2: Ball 3-2: Foul Ball, location: 2F 3-2: Grounds into double play, 4-6-3 (Groundball, 4, EV 96.9 MPH) Brian Gargis to third
|
|
Batting: RHB Garrett Granata
|
0-0: Ground out 6-3 (Groundball, 6, EV 81.9 MPH)
|
| Top of the 9th over - 0 runs, 0 hits, 1 error, 1 left on base; Eugene 1 - Brooklyn 6 |
|